 Dungeon Crawl Stone Soup version 0.30-a0-728-gc68057be0a (webtiles) character file.

Game seed: 6436229079045296514

4921 IdlyInterested the Slicer (level 10, -25/76 HPs)
             Began as a Demonspawn Gladiator on Jan 31, 2023.
             Shot with an arrow by a centaur warrior (30 damage)
             ... on level 8 of the Dungeon.
             The game lasted 00:29:41 (7889 turns).

IdlyInterested the Slicer (Demonspawn Gladiator)    Turns: 7889, Time: 00:29:42

Health: -25/76     AC: 10    Str: 16    XL:     10   Next: 27%
Magic:  10/10      EV: 13    Int:  9    God:
Gold:   293        SH:  6    Dex: 24    Spells: 9/9 levels left

rFire   . . .      SeeInvis +    a - +3 rapier (venom)
rCold   . . .      Faith    .    h - +0 buckler
rNeg    . . .      Spirit   .    r - +2 leather armour {rPois}
rPois   +          Reflect  .    c - +1 helmet
rElec   .          Harm     .    i - +0 cloak
rCorr   .          Rampage  .    (no gloves)
Will    .....                    (boots unavailable)
Stlth   +++                      (no amulet)
HPRegen 0.32/turn                k - +6 ring of dexterity
MPRegen 0.12/turn                w - ring of see invisible

@: mighty, studying Fighting
A: hooves 3, powered by pain 1, sharp scales 2
a: no special abilities


You were on level 8 of the Dungeon.
You visited 2 branches of the dungeon, and saw 9 of its levels.

You collected 489 gold pieces.
You spent 196 gold pieces at shops.

Inventory:

Hand Weapons
 a - a +3 rapier of venom (weapon)
 m - a +2 scimitar of flaming
 x - the +5 mace "Memuatt" {chaos, rPois Dex+2}
   (You found it on level 3 of the Dungeon)

   Dex:       It affects your dexterity (+2).
   rPois:     It protects you from poison.
 F - the +4 dagger "Istruf" {flame, Fly rElec rF+ Int-4}
   (You bought it in a shop on level 5 of the Dungeon)

   Int:       It affects your intelligence (-4).
   rF:        It protects you from fire.
   rElec:     It insulates you from electricity.
   Fly:       It grants you flight.
Missiles
 d - 5 throwing nets
 f - 54 stones (quivered)
 p - 44 poisoned darts
 u - a javelin
 B - 4 boomerangs
 C - 3 silver boomerangs
Armour
 c - a +1 helmet (worn)
 h - a +0 buckler (worn)
 i - a +0 cloak (worn)
 l - +0 steam dragon scales
 r - a +2 leather armour of poison resistance (worn)
 y - an orb of light
Jewellery
 b - a ring of wizardry
 k - a +6 ring of dexterity (left hand)
 w - a ring of see invisible (right hand)
 E - a ring of poison resistance
Wands
 e - a wand of acid (4)
 q - a wand of flame (43)
 G - a wand of paralysis (12)
Scrolls
 s - a scroll of vulnerability
 A - a scroll of identify
 D - a scroll of fog
Potions
 g - 4 potions of curing
 j - 3 potions of lignification
 n - 2 potions of flight
 o - 2 potions of attraction
 t - a potion of resistance
 v - a potion of haste
 z - a potion of mutation


   Skills:
 + Level 6.3 Fighting
 * Level 11.9 Short Blades
 - Level 1.7 Throwing
 - Level 2.0 Armour
 - Level 2.6 Dodging
 - Level 4.0 Stealth
 - Level 4.0 Shields
 - Level 1.0 Evocations


You had 9 spell levels left.
You didn't know any spells.
Your spell library contained the following spells:

 Spells                   Type           Power      Damage    Failure   Level
 Beastly Appendage        Tmut           0%         N/A       54%         1
 Wereblood                Tmut           0%         N/A       69%         2
 Spider Form              Tmut/Pois      0%         N/A       89%         3


Dungeon Overview and Level Annotations

Branches:
Dungeon (8/15)             Temple (1/1) D:5
   Lair: D:8-11

Altars:
Ashenzari
Cheibriados
Dithmenos
Fedhas
Gozag
Hepliaklqana
Kikubaaqudgha
Makhleb
Nemelex Xobeh
Okawaru
Qazlal
Ru
Sif Muna
Trog
Uskayaw
Vehumet
Wu Jian
Xom
Yredelemnul

Shops:
D:5 (


Innate Abilities, Weirdness & Mutations

You have hooves in place of feet.
You sometimes gain a little power by taking damage.
You are mostly covered in razor-sharp scales. (AC +2, Slay +2)


Message History

Found a club.
Found a scroll of noise.
Found a viscous pink potion.
A brown ugly thing comes into view.
Found 12 gold pieces.
You see here 15 gold pieces.
A cyclops, a centaur warrior, a steam dragon and 2 orcs come into view.
The orc shouts!
The orc priest shouts!
You see here a wand of iceblast (6).
The brown ugly thing gurgles horribly!
The centaur warrior shouts!
The centaur warrior completely misses you.
You block the centaur warrior's attack.
The steam dragon hisses angrily.
You see here a viscous pink potion.
An orc comes into view. It is wielding a +2 mace of protection.
The centaur warrior hits you.
The centaur warrior kicks you but does no damage.
The cyclops throws a large rock.
The large rock barely misses you.
The large rock hits the centaur warrior!!!
You hear a shout!
You see here a wand of iceblast (6).
The centaur warrior closely misses you.
The centaur warrior kicks you but does no damage.
You see here 15 gold pieces.
The centaur warrior wields a +0 shortbow.
The centaur warrior shoots an arrow.
The arrow barely misses you.
The centaur warrior shoots an arrow.
The arrow hits you!!
You focus on the pain.
You feel very mighty all of a sudden.
The centaur warrior shoots an arrow.
The arrow completely misses you.
The centaur warrior shoots an arrow.
The arrow hits you.
The centaur warrior shoots an arrow.
You block the arrow.
The centaur warrior shoots an arrow.
The arrow hits you!
The centaur warrior shoots an arrow.
The arrow hits you!!
* * * LOW HITPOINT WARNING * * *
The centaur warrior shoots an arrow.
The arrow hits you!
* * * LOW HITPOINT WARNING * * *
The centaur warrior shoots an arrow.
You block the arrow.
The centaur warrior shoots an arrow.
The arrow hits you!!
You die...

##........# ..o .?.. #... .....
..# .....#...###.D##..#
#.......##....##o#o..##
#........###....cC!....#
+..........##...#$##....##
#...........#..##..# #...#
#...........#..#..... ...#
#..........@...#........ #
#...........#.....###.###
#...........#....##.....##
#......<...###..##.......#
###+##........#########.......#
#..............................
#..............................
#............^.....#....>......
#.....####+##......#...........


You could see a centaur warrior, a cyclops and an orc.

Vanquished Creatures
  Pikel (D:6)
  2 rust devils (D:6)
  Maggie (D:6)
  Menkaure (D:4)
  Edmund (D:4)
  A water moccasin (D:6)
  An ice beast (D:6)
  3 orc warriors
  2 black bears
  Pargi (D:3)
  3 sky beasts (D:7)
  An ogre (D:5)
  2 centaurs
  3 phantoms
  3 kobold brigands
  Blork the orc (D:6)
  2 gnoll sergeants
  2 scorpions (D:6)
  A bullfrog (D:4)
  5 wights (D:7)
  2 howler monkeys (D:7)
  4 hounds
  6 orc priests
  Ijyb (D:3)
  Natasha (thrice) (D:3)
  6 orc wizards
  15 gnolls
  13 adders
  3 ufetubi
  2 worms
  3 dart slugs
  24 orcs
  8 ball pythons
  3 bats
  6 endoplasms
  3 giant cockroaches
  4 goblins
  9 hobgoblins
  18 kobolds
  2 quokkas (D:5)
  2 frilled lizards
  7 rats
181 creatures vanquished.

Notes
Turn   | Place    | Note
-------+----------+-------------------------------------------
     0 | D:1      | IdlyInterested the Demonspawn Gladiator began the quest for
                  | the Orb.
     0 | D:1      | Reached XP level 1. HP: 16/16 MP: 1/1
   191 | D:1      | Found a faded altar of an unknown god.
   255 | D:1      | Reached skill level 3 in Short Blades
   255 | D:1      | Gained mutation: You have large cloven feet. [demonic
                  | ancestry]
   255 | D:1      | Reached XP level 2. HP: 8/22 MP: 2/2
   347 | D:1      | Reached skill level 1 in Armour
   739 | D:2      | Gained mutation: You sometimes gain a little power by
                  | taking damage. [demonic ancestry]
   739 | D:2      | Reached XP level 3. HP: 24/27 MP: 3/3
   749 | D:2      | Reached skill level 1 in Stealth
   898 | D:2      | Reached skill level 4 in Short Blades
   898 | D:2      | Reached XP level 4. HP: 31/33 MP: 4/4
  1055 | D:2      | Reached skill level 1 in Shields
  1451 | D:2      | Reached skill level 1 in Evocations
  1742 | D:3      | Noticed Natasha
  1750 | D:3      | Killed Natasha
  1751 | D:3      | Gained mutation: You have hoof-like feet. [demonic
                  | ancestry]
  1751 | D:3      | Reached XP level 5. HP: 24/38 MP: 5/5
  1865 | D:3      | Noticed Natasha
  1878 | D:3      | Killed Natasha
  1921 | D:3      | Noticed Pargi
  1930 | D:3      | Killed Pargi
  1931 | D:3      | Reached skill level 5 in Short Blades
  1931 | D:3      | Gained mutation: You have hooves in place of feet. [demonic
                  | ancestry]
  1931 | D:3      | Reached XP level 6. HP: 43/44 MP: 6/6
  2021 | D:3      | Noticed Ijyb
  2040 | D:3      | Killed Ijyb
  2486 | D:3      | Identified the +5 mace "Memuatt" {chaos, rPois Dex+2}
  2561 | D:3      | Noticed Natasha
  2570 | D:3      | Killed Natasha
  2739 | D:4      | Noticed Edmund
  2739 | D:4      | Noticed Menkaure
  2960 | D:4      | You fall into a shaft and drop 1 floor!
  2960 | D:5      | Entered Level 5 of the Dungeon
  2987 | D:5      | Reached skill level 6 in Short Blades
  2993 | D:5      | Gained mutation: You are partially covered in razor-sharp
                  | scales. (AC +1, Slay +1) [demonic ancestry]
  2993 | D:5      | Reached XP level 7. HP: 18/50 MP: 7/7
  3255 | D:4      | Killed Menkaure
  3269 | D:4      | Killed Edmund
  3270 | D:4      | Reached skill level 7 in Short Blades
  3916 | D:5      | Found a staircase to the Ecumenical Temple.
  4137 | D:5      | Gained mutation: You are mostly covered in razor-sharp
                  | scales. (AC +2, Slay +2) [demonic ancestry]
  4137 | D:5      | Reached XP level 8. HP: 52/57 MP: 8/8
  4461 | D:5      | Found Suigum's Antique Weapon Shoppe.
  4521 | D:5      | Bought a pitted dagger for 196 gold pieces
  4521 | D:5      | Identified the +4 dagger "Istruf" {flame, Fly rElec rF+
                  | Int-4} (You bought it in a shop on level 5 of the Dungeon)
  4642 | Temple   | Entered the Ecumenical Temple
  5039 | D:6      | Reached skill level 8 in Short Blades
  5328 | D:6      | Identified a scroll of acquirement
  5328 | D:6      | Acquired a manual of Fighting
  5333 | D:6      | Noticed Maggie
  5352 | D:6      | Killed Maggie
  5353 | D:6      | Reached skill level 9 in Short Blades
  5432 | D:6      | Noticed Pikel
  5433 | D:6      | Noticed Blork the orc
  5450 | D:6      | Reached XP level 9. HP: 53/65 MP: 9/9
  5456 | D:6      | Killed Pikel
  5465 | D:6      | Killed Blork the orc
  5476 | D:6      | Reached skill level 10 in Short Blades
  6187 | D:7      | Reached skill level 11 in Short Blades
  6500 | D:6      | Noticed a rust devil
  6500 | D:6      | Noticed a rust devil
  6509 | D:6      | Killed a rust devil
  6510 | D:6      | Reached skill level 5 in Fighting
  6510 | D:6      | Reached XP level 10. HP: 41/74 MP: 10/10
  6517 | D:6      | Killed a rust devil
  6719 | D:6      | Identified the +6 war axe "Xidekyeh" {speed, Str+2}
  7462 | D:8      | Noticed a death yak
  7463 | D:8      | Noticed a death yak
  7773 | D:8      | Noticed a death yak
  7773 | D:8      | Noticed a death yak
  7773 | D:8      | Noticed a death yak
  7773 | D:8      | Noticed a death yak
  7878 | D:8      | Noticed a brown ugly thing
  7879 | D:8      | Noticed a cyclops
  7879 | D:8      | Noticed a centaur warrior
  7889 | D:8      | Shot with an arrow by a centaur warrior

Illustrated notes

Levels and vault maps discovered:
D:1:      amcnicky_arrival_abandoned_market, layout_basic,
          hellmonk_ecumenical_altar_zigzags
D:2:      layout_basic
D:3:      layout_loops_cross, amcnicky_altar_gilded, minmay_misc_feat_pillars,
          uniq_natasha, uniq_pargi, uniq_ijyb
D:4:      layout_cave_pods, uniq_edmund, uniq_menkaure
D:5:      layout_cave_pools, minmay_temple_entry_glass, serial_shops,
          nicolae_inconvenience_store, mrwooster_statue_mirror
D:6:      cheibrodos_iron_armory, layout_rooms, minmay_misc_feat_roman,
          uniq_blork_the_orc, uniq_pikel, uniq_maggie
D:7:      layout_loops_ring, grunt_tough_drop
D:8:      minmay_curly_fans, layout_gridville, dpeg_lair_monsters, serial_shops,
          shop, kennysheep_generic_room_10
Temple:   mainiacjoe_temple_circle_huts

Skill      XL: |  1  2  3  4  5  6  7  8  9 10 |
---------------+-------------------------------+-----
Short Blades   | 3 4 5 6 7 9 11 | 11.9
Armour         | 1 2 |  2.0
Stealth        | 1 2 4 |  4.0
Shields        | 1 2 3 4 |  4.0
Evocations     | 1 |  1.0
Fighting       | 4 5 6 |  6.3
Throwing       | |  1.7
Dodging        | |  2.6

Action                     |  1- 3 |  4- 6 |  7- 9 | 10-12 || total
---------------------------+-------+-------+-------+-------++-------
  Melee: Rapier            |    57 |   151 |    91 |    13 ||   312
         Kick              |     9 |    48 |   105 |    14 ||   176
         Dagger            |       |       |   215 |    21 ||   236
  Throw: Javelin           |     1 |     1 |       |       ||     2
         Stone             |     5 |    19 |    12 |     3 ||    39
         Throwing net      |       |     1 |       |       ||     1
         Dart              |       |       |     6 |       ||     6
  Evoke: Wand              |       |     6 |     2 |     1 ||     9
    Use: Scroll            |     1 |     7 |    11 |     3 ||    22
         Potion            |     1 |     2 |     2 |     2 ||     7
   Stab: Sleeping          |       |     1 |     1 |     2 ||     4
 Armour: Ring mail         |     8 |    28 |       |       ||    36
         Chain mail        |       |     6 |    93 |       ||    99
         Steam dragon scal |       |       |    32 |       ||    32
         Leather armour    |       |       |       |     3 ||     3
  Dodge: Dodged            |    22 |    61 |   102 |    13 ||   198
  Block: Buckler           |    13 |    26 |    78 |     6 ||   123

Table legend: (Time is in decaauts)
 A = Elapsed time spent in this place.
 B = Non-inter-level travel time spent in this place.
 C = Inter-level travel time spent in this place.
 D = Time resting spent in this place.
 E = Time spent auto-exploring this place.
 F = Levels seen in this place.
 G = Mean time per level.
                   A        B        C        D        E       F      G
               +--------+--------+--------+--------+--------+-----+--------+
         Total |   7772 |   6708 |   1064 |   1421 |   3341 |   9 |  863.6 |
       Dungeon |   7422 |   6401 |   1021 |   1421 |   3057 |   8 |  927.8 |
        Temple |    349 |    306 |     43 |      0 |    284 |   1 |  349.0 |
               +--------+--------+--------+--------+--------+-----+--------+

Top non-repeatable levels by time:
     D:7: 1392 daAuts
     D:6: 1126 daAuts
     D:2: 1120 daAuts
     D:5: 1059 daAuts
     D:3: 970 daAuts
     D:4: 918 daAuts
     D:1: 676 daAuts
  Temple: 349 daAuts
     D:8: 159 daAuts
